 Seeded DCSS version 0.29-a0-22-gbf593b16ee (webtiles) character file.

Game seed: 10000000011 (custom seed)

125 knot the Skirmisher (level 4, -1/37 HPs)
             Began as a Demonspawn Berserker on Jan 30, 2022.
             Was a Believer of Trog.
             Slain by an orc priest (9 damage)
             ... on level 3 of the Dungeon.
             The game lasted 00:02:49 (3545 turns).

knot the Skirmisher (Demonspawn Berserker)          Turns: 3545, Time: 00:02:50

Health: -1/37      AC:  3    Str: 15    XL:     4   Next: 82%
Magic:  4/4        EV: 12    Int: 11    God:    Trog [**....]
Gold:   125        SH:  0    Dex: 12    Spells: 3/3 levels left

rFire   . . .      SeeInvis .   a - +0 hand axe
rCold   . . .      Faith    .   (no shield)
rNeg    . . .      Spirit   .   b - +0 animal skin
rPois   .          Reflect  .   (no helmet)
rElec   .          Harm     .   (no cloak)
rCorr   .          Rampage  .   (no gloves)
Will    +....                   (no boots)
Stlth   +.........              (no amulet)
HPRegen 0.12/turn               (no ring)
MPRegen 0.09/turn               (no ring)

@: brilliant, on berserk cooldown, hasted and slowed, invisible
A: hooves 1, powered by death 1, strong-willed 1, shaggy fur 1, weak 1
a: Renounce Religion, Berserk, Trog's Hand


You were on level 3 of the Dungeon.
You worshipped Trog.
Trog was pleased with you.
You visited 1 branch of the dungeon, and saw 4 of its levels.

You collected 125 gold pieces.

Inventory:

Hand Weapons
 a - a +0 hand axe (weapon)
Missiles
 e - 37 arrows
 f - 26 bolts
 h - 73 stones (quivered)
 l - 30 sling bullets
 r - 3 poisoned darts
Armour
 b - a +0 animal skin (worn)
Jewellery
 d - a +4 ring of protection
Scrolls
 g - a scroll of magic mapping {unknown}
 n - a scroll of teleportation {unknown}
 o - a scroll of torment {unknown}
 p - a scroll of fear {unknown}
 u - a scroll of enchant armour {unknown}
Potions
 c - a potion of resistance {unknown}
 k - a potion of mutation
 m - a potion of magic {unknown}


   Skills:
 + Level 3.8 Fighting
 + Level 3.4 Axes
 + Level 2.7 Armour
 + Level 2.7 Dodging


You had 3 spell levels left.
You didn't know any spells.
Your spell library was empty.

Dungeon Overview and Level Annotations

Branches:
Dungeon (4/15)
 Temple: D:4-7

Altars:
Ashenzari


Innate Abilities, Weirdness & Mutations

You have large cloven feet.
You regenerate a little health from kills.
You are strong-willed. (Will+)
You are covered in fur. (AC +1)
You are weak. (Str -2)


Message History

You barely miss the orc. x2; The orc misses you.
The orc hits you with a +0 club. The orc priest barely misses you.
You barely miss the orc priest.
The orc priest is moderately wounded.
You hit the orc. x2; The orc misses you.
The orc hits you with a +0 club. The orc priest misses you.
The orc barely misses you. The orc hits you with a +0 club.
The orc priest hits you with a +0 flail.
* * * LOW HITPOINT WARNING * * *
You feel better. The orc closely misses you. The orc hits you with a +0 club.
The orc priest closely misses you.
You hit the orc priest. Your kick misses the orc priest.
The orc priest is severely wounded.
You hit the orc. You barely miss the orc. The orc hits you with a +0 club.
* * * LOW HITPOINT WARNING * * *
The orc priest barely misses you.
You hit the orc priest but do no damage.
The orc priest is severely wounded.
You hit the orc.
You kill the orc!
Trog accepts your kill.
You hit the orc. The orc hits you with a +0 club.
* * * LOW HITPOINT WARNING * * *
The orc priest barely misses you.
You barely miss the orc priest.
You kick the orc priest, but do no damage.
The orc priest is severely wounded.
You closely miss the orc. The orc hits you but does no damage.
The orc priest closely misses you.
You hit the orc.
You kill the orc!
Trog accepts your kill.
You barely miss the orc priest.
The orc priest hits you with a +0 flail.
* * * LOW HITPOINT WARNING * * *
You hit the orc priest but do no damage.
Your kick misses the orc priest.
The orc priest is severely wounded.
The orc priest hits you with a +0 flail!
You die...

##############
#............#
#.####....##.#
.....'....##.#
#.####....##.##### ###
...............)@# #<#
....##.......##o)# #.#
### #.#.##...######..#
#.# #)# ....##...#
#..# #.# #.#
....##...# #..######
#.####.# ....##...#
#.......# #......#
....######
####'#####.#########.#
..#.# #.....#
#.#.........#
###.##### #.....#
#.#.#########


You could see an orc priest.

Vanquished Creatures
  3 adders
  3 gnolls (D:2)
  A dart slug (D:1)
  2 orcs (D:3)
  7 ball pythons
  6 endoplasms
  3 giant cockroaches
  4 goblins
  6 hobgoblins
  7 jackals (D:2)
  2 quokkas
  7 bats
  4 frilled lizards
  A kobold (D:1)
  7 rats
63 creatures vanquished.

Notes
Turn   | Place    | Note
-------+----------+-------------------------------------------
     0 | D:1      | knot the Demonspawn Berserker began the quest for the Orb.
     0 | D:1      | Reached XP level 1. HP: 18/18 MP: 1/1
   617 | D:1      | Gained mutation: You regenerate a little health from kills.
                  | [demonic ancestry]
   617 | D:1      | Reached XP level 2. HP: 24/24 MP: 2/2
  1255 | D:1      | Gained mutation: You have large cloven feet. [demonic
                  | ancestry]
  1255 | D:1      | Reached XP level 3. HP: 29/29 MP: 3/3
  1311 | D:1      | Reached ** piety under Trog
  2042 | D:2      | Reached XP level 4. HP: 36/36 MP: 4/4
  2174 | D:2      | Found a faded altar of an unknown god.
  2719 | D:3      | Found a broken altar of Ashenzari.
  3526 | D:4      | Noticed a scorpion
  3528 | D:3      | Gained mutation: You are weak. (Str -2) [potion of
                  | mutation]
  3528 | D:3      | Gained mutation: You are covered in fur. (AC +1) [potion of
                  | mutation]
  3528 | D:3      | Gained mutation: You are strong-willed. (Will+) [potion of
                  | mutation]
  3545 | D:3      | Slain by an orc priest

Illustrated notes

Levels and vault maps discovered:
D:1:      shiori_arrival_oz, layout_loops_ring, chequers_serial_rivers_micro_a,
          roderic_roman_lattice
D:2:      layout_basic, hellmonk_ecumenical_altar_dog_temple,
          kennysheep_big_empty_room
D:3:      layout_basic, nicolae_ashenzari_panopticon, grunt_decor_clamped
D:4:      layout_basic, mainiacjoe_overflow_surrounded_room,
          lemuel_crystal_altar, minmay_temple_entry_slanted, minmay_surrounded

Skill      XL: |  1  2 |
---------------+-------+-----
Dodging        | 2 |  2.7
Armour         | 2 |  2.7
Axes           | 3 |  3.4
Fighting       | |  3.8

Action                   |  1- 3 |  4- 6 || total
-------------------------+-------+-------++-------
Melee: Hand axe          |   121 |    77 ||   198
       Punch             |     3 |     1 ||     4
       Kick              |     4 |    12 ||    16
Invok: Berserk           |     4 |     1 ||     5
  Use: Potion            |       |     8 ||     8
 Stab: Sleeping          |     3 |       ||     3
Armor: Animal skin       |    19 |    16 ||    35
Dodge: Dodged            |    88 |    75 ||   163

Table legend: (Time is in decaauts)
 A = Elapsed time spent in this place.
 B = Non-inter-level travel time spent in this place.
 C = Inter-level travel time spent in this place.
 D = Time resting spent in this place.
 E = Time spent auto-exploring this place.
 F = Levels seen in this place.
 G = Mean time per level.
                   A        B        C        D        E       F      G
               +--------+--------+--------+--------+--------+-----+--------+
         Total |   3620 |   3471 |    149 |   1096 |   1908 |   4 |  905.0 |
       Dungeon |   3620 |   3471 |    149 |   1096 |   1908 |   4 |  905.0 |
               +--------+--------+--------+--------+--------+-----+--------+

Top non-repeatable levels by time:
     D:1: 2005 daAuts
     D:3: 830 daAuts
     D:2: 780 daAuts
     D:4: 3 daAuts
